 Dungeon Crawl Stone Soup version 0.28-a0-233-gb8ca4b6547 (webtiles) character file.

Game seed: 13554226447528044104

3140 Smaepdii the Stinger (level 9, -5/68 HPs)
             Began as a Gnoll Wanderer on Aug 23, 2021.
             Was a Follower of Sif Muna.
             Slain by a two-headed ogre (33 damage)
             ... on level 9 of the Dungeon.
             The game lasted 00:56:09 (12657 turns).

Smaepdii the Stinger (Gnoll Wanderer)              Turns: 12657, Time: 00:56:10

Health: -5/68      AC: 11    Str: 11    XL:     9   Next: 92%
Magic:  1/16       EV: 11    Int: 24    God:    Sif Muna [*.....]
Gold:   260        SH:  0    Dex:  9    Spells: 1/17 levels left

rFire   . . .      SeeInvis .   y - +5 scimitar (freeze)
rCold   . . .      Faith    +   (no shield)
rNeg    . . .      Spirit   .   h - +0 ring mail {rPois}
rPois   +          Reflect  .   C - +2 helmet
rElec   .          Harm     .   (no cloak)
rCorr   .          Rampage  .   c - +0 pair of gloves
Will    .....                   (no boots)
Stlth   ++........              s - amulet of faith
HPRegen 0.21/turn               k - ring of wizardry
MPRegen 0.15/turn               r - +6 ring of intelligence

@: attractive
A: fangs 1, strong nose, distributed training
a: Renounce Religion, Channel Magic


You were on level 9 of the Dungeon.
You worshipped Sif Muna.
Sif Muna was aware of your devotion.
You visited 2 branches of the dungeon, and saw 10 of its levels.

You collected 570 gold pieces.
You spent 310 gold pieces at shops.

Inventory:

Hand Weapons
 m - a +4 dagger
 y - a +5 scimitar of freezing (weapon)
Missiles
 e - 6 atropa-tipped darts (quivered)
 f - 170 stones
 q - 8 boomerangs
Armour
 c - a +0 pair of gloves (worn)
 h - a +0 ring mail of poison resistance (worn)
 A - a +0 robe of willpower
 C - a +2 helmet (worn)
Magical Staves
 n - a staff of cold
Jewellery
 k - a ring of wizardry (left hand)
 o - an amulet of reflection
 r - a +6 ring of intelligence (right hand)
 s - an amulet of faith (around neck)
Wands
 w - a wand of iceblast (10)
 x - a wand of polymorph (6)
 B - a wand of acid (2)
 E - a wand of flame (16)
Scrolls
 a - 3 scrolls of identify
 d - a scroll of vulnerability
 t - a scroll of fear
 z - a scroll of enchant armour
Potions
 b - a potion of might {unknown}
 g - 4 potions of degeneration
 i - a potion of ambrosia
 j - a potion of haste
 l - a potion of curing
 p - a potion of berserk rage {unknown}
 u - a potion of mutation {unknown}
 v - 2 potions of attraction


   Skills:
 + Level 5.4 Fighting
 + Level 4.7 Short Blades
 + Level 4.7 Long Blades
 + Level 4.7 Axes
 + Level 4.7 Maces & Flails
 + Level 4.7 Polearms
 + Level 4.7 Staves
 + Level 4.7 Slings
 + Level 4.7 Bows
 + Level 4.7 Crossbows
 + Level 5.4 Throwing
 + Level 6.6 Armour
 + Level 4.7 Dodging
 + Level 5.3 Stealth
 + Level 4.7 Shields
 + Level 4.7 Unarmed Combat
 + Level 4.7 Spellcasting
 + Level 3.9 Conjurations
 + Level 3.9 Hexes
 + Level 3.9 Summonings
 + Level 3.9 Necromancy
 + Level 3.9 Translocations
 + Level 3.9 Transmutations
 + Level 3.9 Fire Magic
 + Level 3.9 Ice Magic
 + Level 3.9 Air Magic
 + Level 5.5 Earth Magic
 + Level 6.8 Poison Magic
 + Level 5.2 Invocations
 + Level 4.7 Evocations


You had one spell level left.
You knew the following spells:

 Your Spells              Type           Power      Damage    Failure   Level
a - Sting                 Tmut/Pois      100%       1d8       1%          1
b - Ignite Poison         Fire/Tmut/Pois 29%        N/A       3%          3
c - Passwall              Tmut/Erth      23%        N/A       1%          2
d - Stone Arrow           Conj/Erth      56%        3d10      3%          3
e - Petrify               Tmut/Erth      28%        N/A       12%         4
f - Tukima's Dance        Hex            24%        N/A       4%          3

Your spell library contained the following spells:

 Spells                   Type           Power      Damage    Failure   Level
 Corona                   Hex            26%        N/A       1%          1
 Sandblast                Erth           64%        2d14      1%          1
 Summon Small Mammal      Summ           96%        N/A       1%          1
 Ensorcelled Hibernation  Hex/Ice        48%        N/A       2%          2
 Call Canine Familiar     Summ           24%        N/A       4%          3
 Summon Guardian Golem    Hex/Summ       24%        N/A       4%          3


Dungeon Overview and Level Annotations

Branches:
Dungeon (9/15)             Temple (1/1) D:6            Lair (0/6) D:9
    Orc: D:9-12

Altars:
Ashenzari
Cheibriados
Dithmenos
Elyvilon
Fedhas
Gozag
Hepliaklqana
Kikubaaqudgha
Makhleb
Nemelex Xobeh
Okawaru
Qazlal
Ru
Sif Muna
Trog
Uskayaw
Vehumet
Wu Jian
Xom
Yredelemnul
Zin
The Shining One
Beogh

Shops:
D:5 *

Annotations:
D:4 1 runed translucent door, Rennog's ghost, amateur OpTm
D:5 exclusion: yak
D:8 3 runed translucent doors, 1 exclusion, Dittersdorf's ghost, novice GrFi
D:9 1 transporter


Innate Abilities, Weirdness & Mutations

You have very sharp teeth.
Your uncanny sense of smell can sniff out nearby items.
Your experience applies equally to all skills.


Message History

You are poisoned.
The killer bee poisons you!
You feel sick. The killer bee barely misses you.
You riposte.
You closely miss the killer bee.
You feel sick. The killer bee barely misses you.
You feel sick. The killer bee misses you.
You riposte.
You closely miss the killer bee.
You feel sick. The killer bee stings you.
You feel sick. The killer bee completely misses you.
You riposte.
You slash the killer bee! You freeze the killer bee.
You kill the killer bee!
Sif Muna accepts your kill.
You feel sick.
You are no longer poisoned.
The centaur wields a +0 shortbow.
The centaur shoots an arrow.
The arrow hits you.
The centaur shoots an arrow.
The arrow hits you.
The centaur shoots an arrow.
The arrow closely misses you.
Okay, then.
Okay, then.
It was a potion of attraction.
You feel attractive to monsters.
The centaur shoots an arrow.
The arrow hits you. The centaur is attracted toward you.
The two-headed ogre is attracted toward you.
The centaur unwields a +0 shortbow.
The centaur barely misses you.
You riposte.
You hit the centaur but do no damage. The centaur kicks you.
The centaur hits you.
The centaur kicks you but does no damage.
The centaur is attracted toward you. The centaur is attracted toward you.
The centaur is attracted toward you.
Casting: Tukima's Dance (dangerous; 4% risk of failure)
Confirm with . or Enter, or press ? or * to list all spells.
Aiming: Petrify (dangerous; 12% risk of failure)
Press: ? - help, Shift-Dir - straight line, f/p - two-headed ogre
Aim: a two-headed ogre, wielding a +0 giant spiked club and a +0 giant club (chance to affect: 39%)
The two-headed ogre is moving more slowly.
The two-headed ogre hits you with a +0 giant spiked club!!
You die...

#.######.# ##.#
#°°....○#..###
#.○#.#○○#.##<#
#○☼.!.°.#.##.#
#°○#©#○.#.##.#
#...°☼..#.##.# #○○○.○°
#.##.#########
########.##..@Oc....# ##
#..©.....##########.# >#
#.....#........§.c..#
####.....#.#############
...........#
.###.####### .##.. .##.
.##.


You could see a two-headed ogre (petrifying) and a centaur.

Vanquished Creatures
  A slime creature (D:8)
  Duvessa (D:5)
  2 ice beasts
  A black bear (D:6)
  3 ogres
  2 necrophages
  3 centaurs
  A kobold brigand (D:8)
  2 bullfrogs
  A scorpion (D:6)
  Dowan (D:5)
  3 killer bees (D:9)
  11 wights
  2 howler monkeys (D:7)
  A bullfrog zombie (D:6)
  2 centaur zombies
  2 hounds
  5 orc priests
  A bullfrog skeleton (D:5)
  5 iguanas
  3 orc wizards
  2 killer bee zombies
  A howler monkey zombie (D:9)
  3 gnolls (D:4)
  2 howler monkey skeletons
  12 adders
  2 shadow imps
  An ufetubus (D:5)
  An adder skeleton (D:4)
  A worm (D:2)
  A dart slug (D:4)
  20 orcs
  5 ball pythons
  4 bats
  9 endoplasms
  2 giant cockroaches
  4 goblins
  5 hobgoblins
  7 jackals
  11 kobolds
  8 quokkas
  4 frilled lizards
  4 rats
162 creatures vanquished.

Vanquished Creatures (collateral kills)
  An orc warrior (D:9)
  An orc (D:9)
2 creatures vanquished.

Vanquished Creatures (others)
  A dancing weapon (D:8)
  A fungus (D:3)
  A plant (D:2)
  4 toadstools (D:3)
  3 withered plants
10 creatures vanquished.

Grand Total: 174 creatures vanquished

Notes
Turn   | Place    | Note
-------+----------+-------------------------------------------
     0 | D:1      | Smaepdii the Gnoll Wanderer began the quest for the Orb.
     0 | D:1      | Smaepdii set off with the following items: a +0 club, a +0
                  | robe; and the following spells available to memorise:
                  | Sandblast, Sting, Passwall, Ignite Poison, Stone Arrow,
                  | Petrify
     0 | D:1      | Reached XP level 1. HP: 17/17 MP: 1/1
   359 | D:1      | Reached XP level 2. HP: 15/23 MP: 2/2
   678 | D:1      | Learned a level 1 spell: Sting
  1337 | D:2      | Noticed a necrophage
  1383 | D:2      | Learned a level 1 spell: Sandblast
  1430 | D:2      | Reached XP level 3. HP: 25/28 MP: 0/3
  1710 | D:2      | Reached skill level 1 in Invocations
  1835 | D:2      | Reached skill level 1 in Short Blades
  1835 | D:2      | Reached skill level 1 in Long Blades
  1835 | D:2      | Reached skill level 1 in Axes
  1835 | D:2      | Reached skill level 1 in Maces & Flails
  1835 | D:2      | Reached skill level 1 in Polearms
  1835 | D:2      | Reached skill level 1 in Staves
  1835 | D:2      | Reached skill level 1 in Slings
  1835 | D:2      | Reached skill level 1 in Bows
  1835 | D:2      | Reached skill level 1 in Crossbows
  1835 | D:2      | Reached skill level 1 in Dodging
  1835 | D:2      | Reached skill level 1 in Shields
  1835 | D:2      | Reached skill level 1 in Unarmed Combat
  1835 | D:2      | Reached skill level 1 in Spellcasting
  1835 | D:2      | Reached skill level 1 in Evocations
  1903 | D:2      | Killed a necrophage
  1904 | D:2      | Reached skill level 1 in Conjurations
  1904 | D:2      | Reached skill level 1 in Hexes
  1904 | D:2      | Reached skill level 1 in Summonings
  1904 | D:2      | Reached skill level 1 in Necromancy
  1904 | D:2      | Reached skill level 1 in Translocations
  1904 | D:2      | Reached skill level 1 in Transmutations
  1904 | D:2      | Reached skill level 1 in Fire Magic
  1904 | D:2      | Reached skill level 1 in Ice Magic
  1904 | D:2      | Reached skill level 1 in Air Magic
  1904 | D:2      | Reached XP level 4. HP: 28/34 MP: 1/6
  1904 | D:2      | Reached XP level 5. HP: 33/40 MP: 1/7
  1964 | D:2      | Learned a level 2 spell: Passwall
  2266 | D:2      | Found a faded altar of an unknown god.
  3068 | D:3      | Learned a level 3 spell: Stone Arrow
  3664 | D:4      | Reached XP level 6. HP: 47/47 MP: 4/8
  3909 | D:4      | You fall into a shaft and drop 3 floors!
  3960 | D:7      | Reached skill level 5 in Armour
  4149 | D:6      | Noticed an ice beast
  4277 | D:5      | Entered Level 5 of the Dungeon
  4303 | D:5      | Noticed a yak
  4541 | D:4      | Found a broken altar of Ashenzari.
  4783 | D:4      | Found a runed translucent door.
  4783 | D:4      | Noticed Rennog's ghost (amateur OpTm)
  5305 | D:5      | Learned a level 3 spell: Ignite Poison
  5373 | D:5      | Reached XP level 7. HP: 52/52 MP: 5/10
  5776 | D:5      | Noticed a yak
  6198 | D:5      | Found Xoleohuf's Assorted Antiques.
  6206 | D:5      | Bought a gold wand for 108 gold pieces
  6206 | D:5      | Bought a shiny helmet for 202 gold pieces
  6332 | D:5      | Noticed Dowan
  6341 | D:5      | Killed Dowan
  6342 | D:5      | Noticed Duvessa
  6413 | D:5      | Killed Duvessa
  6414 | D:5      | Reached XP level 8. HP: 47/60 MP: 1/12
  6890 | D:5      | Noticed a yak
  6891 | D:5      | Noticed a yak
  7396 | D:6      | Found a staircase to the Ecumenical Temple.
  7405 | Temple   | Entered the Ecumenical Temple
  7650 | Temple   | Became a worshipper of Sif Muna the Loreminder
  8343 | D:6      | Learned a level 4 spell: Petrify
  8772 | D:7      | Reached skill level 5 in Earth Magic
  8772 | D:7      | Reached XP level 9. HP: 66/66 MP: 14/14
  9909 | D:8      | Reached * piety under Sif Muna
  9924 | D:8      | Reached skill level 5 in Fighting
  9924 | D:8      | Reached skill level 5 in Throwing
 10067 | D:8      | Noticed a tengu warrior
 10071 | D:8      | Noticed a skeletal warrior
 10110 | D:8      | Reached skill level 5 in Stealth
 10557 | D:8      | Learned a level 3 spell: Tukima's Dance
 10753 | D:8      | Reached skill level 5 in Invocations
 11128 | D:8      | Found a runed translucent gate.
 11128 | D:8      | Noticed Dittersdorf's ghost (novice GrFi)
 11129 | D:8      | Found a runed translucent gate.
 11130 | D:8      | Found a runed translucent gate.
 11817 | D:9      | Noticed a red ugly thing
 11859 | D:9      | Reached ** piety under Sif Muna
 12032 | D:9      | Found a staircase to the Lair.
 12043 | D:9      | Noticed a hornet
 12045 | D:9      | Noticed a cyan ugly thing
 12592 | D:9      | Found a transporter.
 12619 | D:9      | Noticed a two-headed ogre
 12657 | D:9      | Slain by a two-headed ogre

Illustrated notes

Levels and vault maps discovered:
D:1:      psy_arrival_whirlpool, layout_basic
D:2:      layout_rooms, shapermc_ecumenical_altar_flowoftime
D:3:      layout_rooms, kennysheep_crisscross, st_stairs_2,
          hangedman_decor_clover_reticule, minmay_gold_behind_fungi
D:4:      layout_loops_corners, nicolae_ashenzari_panopticon,
          gammafunk_ghost_grave
D:5:      layout_basic, serial_shops, nicolae_shop_statue_plus,
          grunt_ministairs_15, uniq_duvessa
D:6:      layout_cave_pods, minmay_temple_entry_tees
D:7:      layout_basic, serial_glass, glass_columns_a, glass_columns_a,
          glass_columns_a, glass_columns_b, glass_columns_b, glass_columns_c,
          glass_columns_b, glass_columns_a
D:8:      layout_loops_ring, biasface_ghost_orc_armoury, minmay_diamond_spiral
D:9:      gammafunk_cloud_chamber, layout_basic, lair_entry_dummy,
          enter_bailey_2
Temple:   nicolae_temple_the_god_donut

Skill      XL: |  1  2  3  4  5  6  7  8  9 |
---------------+----------------------------+-----
Invocations    | 1 2 3 4 5 |  5.2
Short Blades   | 1 2 3 4 |  4.7
Long Blades    | 1 2 3 4 |  4.7
Axes           | 1 2 3 4 |  4.7
Maces & Flails | 1 2 3 4 |  4.7
Polearms       | 1 2 3 4 |  4.7
Staves         | 1 2 3 4 |  4.7
Slings         | 1 2 3 4 |  4.7
Bows           | 1 2 3 4 |  4.7
Crossbows      | 1 2 3 4 |  4.7
Dodging        | 1 2 3 4 |  4.7
Shields        | 1 2 3 4 |  4.7
Unarmed Combat | 1 2 3 4 |  4.7
Spellcasting   | 1 2 3 4 |  4.7
Evocations     | 1 2 3 4 |  4.7
Conjurations   | 1 2 3 |  3.9
Hexes          | 1 2 3 |  3.9
Summonings     | 1 2 3 |  3.9
Necromancy     | 1 2 3 |  3.9
Translocations | 1 2 3 |  3.9
Transmutations | 1 2 3 |  3.9
Fire Magic     | 1 2 3 |  3.9
Ice Magic      | 1 2 3 |  3.9
Air Magic      | 1 2 3 |  3.9
Fighting       | 3 4 5 |  5.4
Throwing       | 3 4 5 |  5.4
Earth Magic    | 4 5 |  5.5
Stealth        | 3 4 5 |  5.3
Armour         | 5 6 |  6.6
Poison Magic   | 6 |  6.8

Action                   |  1- 3 |  4- 6 |  7- 9 || total
-------------------------+-------+-------+-------++-------
Melee: Club              |    57 |       |       ||    57
       Bite              |     4 |     2 |    13 ||    19
       Quarterstaff      |     8 |     3 |       ||    11
       Dagger            |       |    16 |    67 ||    83
       Scimitar          |       |       |    40 ||    40
       Short sword       |       |       |     6 ||     6
       Punch             |       |       |     1 ||     1
Throw: Dart              |     1 |       |       ||     1
 Cast: Sting             |    18 |     5 |    31 ||    54
       Sandblast         |    21 |    50 |       ||    71
       Stone Arrow       |       |    25 |    98 ||   123
       Ignite Poison     |       |     2 |    13 ||    15
       Tukima's Dance    |       |       |     6 ||     6
       Passwall          |       |       |     2 ||     2
       Petrify           |       |       |     2 ||     2
Evoke: Wand              |       |       |     6 ||     6
  Use: Scroll            |       |    11 |     5 ||    16
       Potion            |       |       |     4 ||     4
 Stab: Sleeping          |     3 |       |     1 ||     4
       Petrified         |       |       |     3 ||     3
Armor: Robe              |    37 |    22 |     1 ||    60
       Ring mail         |       |       |    69 ||    69
Dodge: Dodged            |    62 |    24 |   100 ||   186
Block: Other             |       |     2 |    19 ||    21
       Rpst.: Scimitar   |       |       |    13 ||    13

Table legend: (Time is in decaauts)
 A = Elapsed time spent in this place.
 B = Non-inter-level travel time spent in this place.
 C = Inter-level travel time spent in this place.
 D = Time resting spent in this place.
 E = Time spent auto-exploring this place.
 F = Levels seen in this place.
 G = Mean time per level.
                   A        B        C        D        E       F      G
               +--------+--------+--------+--------+--------+-----+--------+
         Total |  12637 |  12268 |    369 |   4988 |   4252 |  10 | 1263.7 |
       Dungeon |  12371 |  12007 |    364 |   4988 |   4030 |   9 | 1374.6 |
        Temple |    265 |    260 |      5 |      0 |    222 |   1 |  265.0 |
               +--------+--------+--------+--------+--------+-----+--------+

Top non-repeatable levels by time:
     D:8: 2151 daAuts
     D:5: 1843 daAuts
     D:7: 1685 daAuts
     D:1: 1413 daAuts
     D:6: 1393 daAuts
     D:4: 1308 daAuts
     D:2: 1076 daAuts
     D:3: 1071 daAuts
     D:9: 427 daAuts
  Temple: 265 daAuts
